Map: Neon Violet Square LE

Players

MrKusH

  • Race: Terran Terran
  • Spawn Location: 11:00

Juxtapose - Winner!

  • Race: Terran Terran
  • League: Gold
  • Spawn Location: 5:00

VOD

https://youtu.be/hD40-wDaXfQ

Description

This is my 25th match of the season, and I'm now on a seven game win streak, which is a tie for the best win streak I've ever done. My overall win percentage as of this typing is 56%, and my best Race of the Season is interestingly Terran, my worst Race of last Season.

I find early game rushes so much more effective now, and my Terran vs Terran match up is now quite strong. I find many Terrans still try to expand more like they did last Season, leaving them very vulnerable to an early Marine/Cyclone push. This has also been effective against Protoss as well. Against Zerg, I plan to try more Marine/Hellion for an early push and see how that goes.

Time

  • Played on: Nov. 30, 2017, 6:51 p.m.
  • Length: 6:31
Show
View Real Time Build Order
Export as new Build Order

MrKusH Terran 

Build Orders:  

Get SALT Encoding   

  12  0:02  SCV  
  13  0:15  SCV  
  14  0:23  Supply Depot  
  14  0:27  SCV  
  15  0:44  SCV  
  15  0:47  Barracks  
  16  1:02  SCV  
  17  1:14  Refinery  
  17  1:15  SCV  
  18  1:27  SCV  
  19  1:41  Orbital Command  
  19  1:42  Marine  
  20  1:50  Command Center  
  20  2:04  Marine  
  21  2:09  SCV  
  22  2:23  SCV  
  23  2:42  Supply Depot  
  23  2:49  Factory  
  23  2:53  Refinery  
  23  3:01  SCV  
  23  3:04  Orbital Command  
  24  3:13  Barracks Reactor, SCV  
  25  3:22  Barracks  
  25  3:25  SCV  
  26  3:33  SCV  
  27  3:35  Factory Tech Lab  
  27  3:37  SCV  
  28  3:43  Starport  
  28  3:45  SCV  
  29  3:50  SCV  
  29  3:53  Marine x2  
  32  3:57  SCV  
  32  4:02  Siege Tank, SCV  
  37  4:09  SCV  
  38  4:11  Marine x2  
  38  4:12  Engineering Bay  
  40  4:25  Barracks Tech Lab  
  40  4:34  Siege Tank  
  40  4:35  SCV x2  
  40  4:36  Supply Depot  
  45  4:47  SCV  
  45  4:50  Command Center  
  46  4:54  Supply Depot  
  46  4:58  Marine x3, SCV  
  50  5:06  Siege Tank  
  53  5:16  SCV x2  
  53  5:17  Missile Turret  
  55  5:31  SCV  
  55  5:32  Marine x3  
  59  5:38  Siege Tank  
  59  5:49  Marine  
Show
View Real Time Build Order
Export as new Build Order

Juxtapose Terran - Winner!

Build Orders:  

Get SALT Encoding   

  12  0:01  SCV  
  13  0:13  SCV  
  14  0:21  Supply Depot  
  14  0:25  SCV  
  16  0:42  SCV  
  16  0:45  Barracks  
  16  0:48  Supply Depot  
  16  0:55  SCV  
  17  1:01  Refinery  
  17  1:07  SCV  
  18  1:17  Refinery  
  18  1:19  SCV  
  19  1:32  Orbital Command  
  19  1:34  Marine  
  20  1:50  Supply Depot  
  20  1:59  Barracks Reactor  
  20  2:01  SCV  
  21  2:13  Factory, SCV  
  22  2:31  SCV  
  22  2:36  Engineering Bay  
  22  2:38  Marine x2  
  22  2:43  SCV  
  25  2:44  Supply Depot  
  25  2:55  SCV  
  25  2:57  Factory Reactor, Marine x2  
  28  3:05  Terran Infantry Weapons Level 1  
  28  3:09  Missile Turret  
  28  3:15  Marine x2  
  30  3:33  Marine x2  
  32  3:34  Supply Depot  
  32  3:37  Cyclone x2  
  38  3:51  Marine  
  38  3:53  Marine  
  40  4:09  Marine, Cyclone  
  47  4:10  Cyclone  
  47  4:11  Marine  
  48  4:18  Starport  
  48  4:26  Marine  
  48  4:29  Marine  
  50  4:42  Cyclone  
  50  4:44  Marine  
  54  4:55  Supply Depot  
  54  4:56  Starport Tech Lab  
  54  5:05  Marine  
  55  5:16  Marine  
  55  5:17  Cyclone  
  59  5:28  Marine  
  60  5:33  Command Center  
  60  5:37  Marine  
  61  5:45  Marine  
  55  6:05  Marine x2  
Tags
 
League
Gold
Matchup
TvT
Race
Terran
Spawn Locations
Cross Positions
Add a new tag
Caveats
  • Supply blocks, unpowered buildings, or Contaminate may cause inaccurate times.
  • Supply counts are checked every 10 seconds.